AoeStats
← Macedonius

Arena

504791804Analyzed
2v2 RM · 25d ago on Sep 6, 2026· 63m 55s· 4 players
Game mode
Random Map
Map size
Medium (4 player)
Population
200
Speed
Normal
Resources
Standard
Victory
Conquest
Starting age
Dark Age
Ending age
Imperial Age
RankedLock teamsTeams togetherTeam positionsShared explorationLock speedFull tech treeHidden civsTurbo modeCheats
Victory
Defeat
🇪🇸 Turks · Spain
804
+17
🇪🇸 Bulgarians · Spain
804
+17
🇪🇸 Italians · Spain
909
-20
🇪🇸 Slavs · Spain
749
-14
Alonchobjj
11:38 Feudal Age
10:36 Loom
16:12 Castle Age
24:43 Stone Mining
24:44 Gold Mining
25:00 Horse Collar
27:13 Double-Bit Axe
30:38 Wheelbarrow
29:51 Town Watch
32:33 Bow Saw
33:19 Hand Cart
33:25 Heavy Plow
37:30 Imperial Age
35:17 Fletching
36:40 Ballistics
38:15 Bloodlines
38:05 Husbandry
38:58 Conscription
38:46 Artillery
40:25 Hoardings
40:59 Forging
40:55 Scale Barding Armor
42:09 Elite Janissary
43:54 Two-Man Saw
43:35 Gold Shaft Mining
43:17 Caravan
48:26 Sipahi
47:37 Sappers
48:24 Masonry
47:54 Treadmill Crane
53:56 Iron Casting
53:41 Chain Barding Armor
53:43 Squires
59:43 Blast Furnace
59:21 Plate Barding Armor
63:30 Spies/Treason
jowi125
11:49 Feudal Age
16:41 Castle Age
14:29 Horse Collar
17:27 Loom
18:36 Double-Bit Axe
24:43 Forging
25:57 Heavy Plow
28:53 Gold Mining
30:57 Stone Mining
35:05 Iron Casting
34:37 Scale Barding Armor
34:32 Scale Mail Armor
34:56 Ballistics
35:09 Bow Saw
39:11 Imperial Age
37:34 Wheelbarrow
37:22 Chain Barding Armor
38:04 Gold Shaft Mining
38:50 Hand Cart
39:01 Chain Mail Armor
39:10 Town Watch
39:18 Fletching
40:07 Elite Konnik
41:29 Stirrups
42:09 Bagains
43:12 Capped Ram
44:58 Blast Furnace
44:41 Plate Barding Armor
45:15 Pikeman
45:55 Squires
46:49 Plate Mail Armor
46:42 Halberdier
47:10 Siege Ram
48:01 Bodkin Arrow
52:37 Bracer
60:17 Padded Archer Armor
60:07 Arson
60:35 Masonry
61:26 Chemistry
62:00 Architecture
61:22 Guard Tower
63:45 Spies/Treason
Tonir
8:08 Loom
12:05 Feudal Age
12:48 Horse Collar
12:54 Double-Bit Axe
20:07 Castle Age
20:59 Man-at-Arms
21:52 Scale Barding Armor
21:50 Scale Mail Armor
22:01 Forging
22:06 Bow Saw
23:24 Murder Holes
27:22 Pikeman
31:14 Long Swordsman
33:29 Squires
35:08 Detinets
39:26 Fortified Wall
43:11 Imperial Age
41:00 Scale Barding Armor
40:50 Fletching
43:05 Wheelbarrow
43:38 Gold Mining
43:39 Stone Mining
43:18 Two-Handed Swordsman
45:25 Gold Shaft Mining
45:45 Elite Boyar
47:42 Iron Casting
50:06 Blast Furnace
49:11 Halberdier
51:24 Husbandry
51:35 Bloodlines
53:02 Chain Barding Armor
56:31 Champion
Macedonius
5:10 Loom
11:01 Feudal Age
14:48 Castle Age
13:32 Double-Bit Axe
13:40 Stone Mining
23:18 Fletching
23:49 Squires
24:58 Bodkin Arrow
30:09 Wheelbarrow
33:54 Imperial Age
31:41 Padded Archer Armor
34:17 Hand Cart
33:47 Town Watch
34:25 Leather Archer Armor
34:18 Scale Barding Armor
34:51 Bracer
36:27 Chemistry
35:47 Ballistics
36:16 Conscription
36:38 Gold Mining
37:27 Stone Shaft Mining
36:18 Light Cavalry
37:08 Bloodlines
36:59 Husbandry
37:38 Ring Archer Armor
37:14 Scale Barding Armor
38:14 Hussar
38:51 Cavalier
39:46 Forging
41:04 Chain Barding Armor
44:12 Plate Barding Armor
45:11 Iron Casting
51:21 Horse Collar
51:56 Bow Saw
53:13 Elite Genoese Crossbowman
53:55 Elite Skirmisher
Connection lost

Rejoining the realm…

Still unreachable

The connection could not be restored.

Session expired

The server has moved on; the page needs a fresh start.